 Seeded DCSS version 0.27.1-34-g3ba077fa99 (webtiles) character file.

Game seed: 74894893043 (custom seed)

66 lonewolfV2 the Shield-Bearer (level 3, -6/33 HPs)
             Began as a Minotaur Fighter on Jan 6, 2022.
             Killed by nerve-wracking pain
             ... invoked by Grinder
              (10 damage)
             ... while paralysed by Grinder
             ... on level 3 of the Dungeon.
             The game lasted 00:03:49 (1916 turns).

lonewolfV2 the Shield-Bearer (Minotaur Fighter)     Turns: 1916, Time: 00:03:50

Health: -6/33      AC: 18    Str: 20    XL:     3   Next: 96%
Magic:  2/2        EV:  2    Int:  6    God:
Gold:   77         SH:  0    Dex:  9    Spells: 2/2 levels left

rFire    . . .     SeeInvis .   a - +0 war axe
rCold    . . .     Faith    .   c - +0 kite shield
rNeg     . . .     Spirit   .   k - +4 scale mail
rPois    +         Reflect  .   (helmet restricted)
rElec    .         Harm     .   i - +2 cloak
rCorr    .         Rampage  .   (no gloves)
Will     .....                  (no boots)
Stlth    ..........             (no amulet)
HPRegen  0.11/turn              f - +4 ring of protection
MPRegen  0.08/turn              g - ring of poison resistance

@: paralysed
A: horns 2, retaliatory headbutt
a: no special abilities


You were on level 3 of the Dungeon.
You visited 1 branch of the dungeon, and saw 3 of its levels.

You collected 77 gold pieces.

Inventory:

Hand Weapons
 a - a +0 war axe (weapon)
Armour
 c - a +0 kite shield (worn)
 i - a +2 cloak (worn)
 k - a +4 scale mail (worn)
Jewellery
 f - a +4 ring of protection (left hand)
 g - a ring of poison resistance (right hand)
Scrolls
 b - a scroll of teleportation
Potions
 d - a potion of might
 e - a potion of haste {unknown}
 j - a potion of lignification {unknown}


   Skills:
 + Level 4.2 Fighting
 + Level 3.0 Axes
 + Level 4.3 Armour
 + Level 0.7 Dodging
 + Level 4.3 Shields


You had 2 spell levels left.
You didn't know any spells.
Your spell library contained the following spells:

 Spells                   Type           Power      Damage    Failure   Level
 Beastly Appendage        Tmut           0%         N/A       99%         1
 Freeze                   Ice            0%         1d3       99%         1
 Wereblood                Tmut           0%         N/A       100%        2
 Frozen Ramparts          Ice            0%         1d2       100%        3
 Spider Form              Tmut/Pois      0%         N/A       100%        3
 Hailstorm                Conj/Ice       0%         3d3       100%        4


Dungeon Overview and Level Annotations

Branches:
Dungeon (3/15)

Altars:

Annotations:
D:3 Grinder


Innate Abilities, Weirdness & Mutations

You have a pair of horns on your head.
You reflexively headbutt those who attack you in melee.


Message History

You furiously retaliate!
You headbutt Grinder.
You feel better. Grinder hits you but does no damage.
You hit Grinder.
Grinder is moderately wounded.
Grinder gestures at you.
You barely resist. You hit Grinder. You headbutt Grinder!
Grinder is severely wounded.
Grinder completely misses you. You furiously retaliate!
You headbutt Grinder. Grinder hits you!
You writhe in agony.
* * * LOW HITPOINT WARNING * * *
You hit Grinder.
Grinder is almost dead.
You block Grinder's attack.
You hit Grinder but do no damage.
Grinder is almost dead.
You block Grinder's attack.
Grinder blinks!
Grinder blinks!
You block Grinder's attack.
You hit Grinder. You headbutt Grinder.
Grinder is almost dead.
Grinder blinks!
Grinder gestures at you.
You suddenly lose the ability to move!
Grinder says, "Don't move a muscle."
Grinder hits you but does no damage.
Grinder blinks! x4
You can move again.
Grinder gestures at you. You resist with significant effort.
Grinder blinks!
Grinder gestures at you. Pain shoots through your body!
* * * LOW HITPOINT WARNING * * *
Grinder gestures at you.
You suddenly lose the ability to move!
Grinder blinks!
Grinder gestures at you. Pain shoots through your body!
You die...

#########+#+##
#.........!..#
#............# .
#............###.#
#................#
####.............#
.................####
#............)......
#.#...@........####.
#..............+
#..ยง...........####
.........5......'..#
###.............#.##
#.##+##########.# ...
#.# ## #.# ### #.#


You could see Grinder.

Vanquished Creatures
  2 adders (D:2)
  A worm (D:2)
  5 bats
  6 endoplasms
  A giant cockroach (D:2)
  4 goblins
  3 hobgoblins
  3 jackals (D:2)
  2 quokkas (D:2)
  4 ball pythons
  A frilled lizard (D:2)
  6 kobolds
  4 rats
42 creatures vanquished.

Notes
Turn   | Place    | Note
-------+----------+-------------------------------------------
     0 | D:1      | lonewolfV2 the Minotaur Fighter began the quest for the
                  | Orb.
     0 | D:1      | Reached XP level 1. HP: 19/19 MP: 0/0
    46 | D:1      | You fall into a shaft and drop 1 floor!
    57 | D:2      | Reached XP level 2. HP: 14/27 MP: 1/1
   328 | D:1      | Found a faded altar of an unknown god.
  1067 | D:2      | Reached XP level 3. HP: 33/33 MP: 2/2
  1866 | D:3      | Noticed Grinder
  1875 | D:3      | Paralysed by Grinder for 7 turns
  1887 | D:3      | Paralysed by Grinder for 3 turns
  1902 | D:3      | Paralysed by Grinder for 7 turns
  1914 | D:3      | Paralysed by Grinder for 3 turns
  1916 | D:3      | Killed from afar by Grinder

Illustrated notes

Levels and vault maps discovered:
D:1:      nagdon_arrival_zigzag_paths, layout_basic,
          shapermc_ecumenical_altar_venn
D:2:      layout_rooms, grunt_decor_resistance
D:3:      layout_basic, uniq_grinder

Skill      XL: |  1  2  3 |
---------------+----------+-----
Fighting       | 4 |  4.2
Armour         | 4 |  4.3
Shields        | 4 |  4.3
Axes           | 3 |  3.0
Dodging        | |  0.7

Action                   || total
-------------------------++-------
Melee: War axe           ||    76
       Headbutt          ||     9
  Use: Scroll            ||     3
       Potion            ||     1
Armor: Scale mail        ||    69
Dodge: Dodged            ||    32
Block: Kite shield       ||    56
